 Dungeon Crawl Stone Soup version 0.19-a0-1185-gacb3972 (webtiles) character file.

755 epen the Chopper (level 7, -4/54 HPs)
             Began as a Minotaur Monk on Aug 18, 2016.
             Was a Priest of Hepliaklqana.
             Slain by an orc warrior
             ... wielding a +0 battleaxe
              (17 damage)
             ... on level 6 of the Dungeon.
             The game lasted 00:07:16 (4758 turns).

epen the Chopper (Minotaur Monk)                    Turns: 4758, Time: 00:07:16

Health: -4/54      AC:  7    Str: 18    XL:     7   Next: 49%
Magic:  8/8        EV: 12    Int:  7    God:    Hepliaklqana [***...]
Gold:   282        SH:  0    Dex: 12    Spells: 0 memorised, 6 levels left

rFire  . . .     SeeInvis .     a - +0 hand axe
rCold  . . .     Gourm    .     h - +0 scale mail (curse)
rNeg   . . .     Faith    .     (no shield)
rPois  .         Spirit   .     (helmet restricted)
rElec  .         Dismiss  .     (no cloak)
rCorr  .         Reflect  .     (no gloves)
MR     .....     Harm     .     (no boots)
Stlth  ..........               (no amulet)
                                (no ring)
                                (no ring)

@: no status effects
A: retaliatory headbutt, horns 2
a: Recall Ancestor, Ancestor Identity, Transference, Renounce Religion


You were on level 6 of the Dungeon.
You worshipped Hepliaklqana.
Hepliaklqana was most pleased with you.
You were not hungry.

You visited 2 branches of the dungeon, and saw 7 of its levels.

You collected 282 gold pieces.

Inventory:

Hand Weapons
 a - a +0 hand axe (weapon)
Armour
 b - a +0 robe
 h - a cursed +0 scale mail (worn)
Jewellery
 r - the amulet of Losinouh {Faith rC+ Str-4 Dex+4}
   (You found it on level 4 of the Dungeon)

   [amulet of faith]

   It allows you to gain divine favour quickly.
   It affects your strength (-4).
   It affects your dexterity (+4).
   It protects you from cold.
Scrolls
 d - 2 scrolls of remove curse {unknown}
 e - 5 scrolls of identify {unknown}
 i - 2 scrolls of recharging {unknown}
 j - a scroll of random uselessness {unknown}
 n - a scroll of blinking {unknown}
 p - a scroll of enchant weapon {unknown}
 s - a scroll of immolation {unknown}
 v - a scroll of enchant armour {unknown}
Potions
 f - 2 potions of haste {unknown}
 g - 2 potions of flight {unknown}
 k - a potion of degeneration {unknown}
 l - a potion of lignification {unknown}
 m - a potion of heal wounds {unknown}
 o - a potion of might {unknown}
 t - 2 potions of invisibility {unknown}
 u - a potion of resistance {unknown}
Comestibles
 c - 5 bread rations
 q - 3 fruits


   Skills:
 + Level 5.0 Fighting
 * Level 6.6 Axes
 * Level 5.2 Armour
 + Level 4.7 Dodging
 - Level 1.5 Stealth
 * Level 2.8 Invocations


You had 6 spell levels left.
You didn't know any spells.

Dungeon Overview and Level Annotations

Branches:
Dungeon (6/15)             Temple (1/1) D:4

Altars:
Ashenzari
Cheibriados
Dithmenos
Elyvilon
Fedhas
Gozag
Hepliaklqana
Makhleb
Nemelex Xobeh
Okawaru
Qazlal
Ru
Sif Muna
Vehumet
Xom
Zin
The Shining One


Innate Abilities, Weirdness & Mutations

You reflexively headbutt those who attack you in melee.
You have a pair of horns on your head.


Message History

The orc warrior closely misses you.
The orc wizard hits you but does no damage.
Unknown command.
You closely miss the orc wizard.
The orc wizard is heavily wounded.
You hit the orc warrior but do no damage.
The orc wizard points at you and mumbles some strange words.
The magic dart hits you!
The orc warrior hits you with a battleaxe!
* * * LOW HITPOINT WARNING * * *
You barely miss the orc warrior. Your headbutt misses the orc warrior.
You closely miss the orc wizard.
The orc wizard gestures at you while chanting.
The magic dart hits you!
* * * LOW HITPOINT WARNING * * *
Unknown command.
You closely miss the orc warrior. Your headbutt misses the orc warrior.
You hit the orc wizard.
The orc warrior hits you with a battleaxe!
You die...

##.# #........#+###
#.###+####.#.....# #..
#.##....>..#.....# #...
#.##.............#
#....###.##............##
#......#............#
#......#............#
#......#............####
#.......o@...........)..<#
#...###.)o)..............#
#.......).....##<........#
#................#.......#
#......(.........#.......#
..###...........######..
.. #......%.... ##.
#.##....... .


You could see an orc warrior and an orc wizard.

Vanquished Creatures
  A centaur (D:5)
  A water moccasin zombie (D:5)
  A scorpion (D:5)
  2 worker ants
  3 orc wizards
  A killer bee zombie (D:5)
  4 adders
  An ooze (D:1)
  2 worms
  3 dart slugs (D:1)
  4 giant geckos
  12 orcs
  6 bats
  3 giant cockroaches
  9 goblins
  5 hobgoblins
  8 jackals
  9 kobolds
  2 quokkas
  3 ball pythons
  A ball python skeleton (D:4)
  A giant gecko skeleton (D:4)
  A giant newt (D:1)
  8 rats
91 creatures vanquished.

Vanquished Creatures (collateral kills)
  2 ogres
  The ghost of crawlian the Firebug, a weakling DEFE of Sif Muna (D:5)
  2 worker ants (D:4)
  An adder (D:5)
  A river rat (D:5)
  4 orcs
11 creatures vanquished.

Vanquished Creatures (others)
  A battlemage (D:6)
1 creature vanquished.

Grand Total: 103 creatures vanquished

Notes
Turn   | Place    | Note
-------+----------+-------------------------------------------
     0 | D:1      | epen the Minotaur Monk began the quest for the Orb.
     0 | D:1      | Reached XP level 1. HP: 19/19 MP: 0/0
   110 | D:1      | Reached XP level 2. HP: 27/27 MP: 1/1
   156 | D:1      | Reached skill level 4 in Axes
   276 | D:1      | Reached skill level 1 in Armour
   581 | D:1      | Reached XP level 3. HP: 33/33 MP: 2/2
  1140 | D:2      | Reached XP level 4. HP: 39/40 MP: 3/3
  1888 | D:3      | Noticed an ogre
  2145 | D:3      | Reached skill level 5 in Axes
  2577 | D:4      | Got a bound zirconium amulet
  2590 | D:4      | Identified the amulet of Losinouh {Faith rC+ Str-4 Dex+4} (You found it on level 4 of the Dungeon)
  2649 | D:4      | Reached XP level 5. HP: 46/46 MP: 4/4
  2825 | D:4      | Found a staircase to the Ecumenical Temple.
  2859 | Temple   | Entered the Ecumenical Temple
  2996 | Temple   | Became a worshipper of Hepliaklqana
  2996 | Temple   | Reached * piety under Hepliaklqana
  2996 | Temple   | Reached ** piety under Hepliaklqana
  3040 | D:4      | Remembered your ancestor Pepler as a battlemage
  3628 | D:4      | Found a white marble altar of Elyvilon.
  3773 | D:5      | Entered Level 5 of the Dungeon
  3796 | D:5      | Noticed an ogre
  3802 | D:5      | Killed an ogre
  3802 | D:5      | Reached skill level 1 in Invocations
  3802 | D:5      | Reached XP level 6. HP: 47/47 MP: 5/5
  3827 | D:5      | Reached skill level 6 in Axes
  3858 | D:5      | Found an iron altar of Okawaru.
  3858 | D:5      | Found a shadowy altar of Dithmenos.
  3960 | D:5      | Reached *** piety under Hepliaklqana
  4134 | D:5      | Reached XP level 7. HP: 19/54 MP: 7/7
  4292 | D:5      | Found a blossoming altar of Fedhas.
  4444 | D:5      | Found a glowing drain.
  4593 | D:5      | Noticed crawlian's ghost (weakling DEFE)
  4597 | D:5      | Killed crawlian's ghost
  4701 | D:6      | Reached skill level 5 in Armour
  4753 | D:6      | Reached skill level 5 in Fighting
  4758 | D:6      | Slain by an orc warrior

Vault maps used:
D:1:      minmay_arrival_semitransparent
D:2:      minmay_tetromino_t4
D:4:      kennysheep_little_box
D:5:      fedhas_altar_4, gammafunk_temple_overflow_elements, first_bread,
          portal_sewer_entry_e
D:6:      wad_woods_tower, eat_drink_and_be_merry_uskayaw, minivault_4,
          uniq_edmund
Temple:   dshaligram_water_room_temple

Skill      XL: |  1  2  3  4  5  6  7 |
---------------+----------------------+-----
Axes           | 4 5 6 |  6.6
Armour         | 1 2 3 4 5 |  5.2
Fighting       | 4 5 |  5.0
Dodging        | 4 |  4.7
Invocations    | 1 2 |  2.8
Stealth        | |  1.5

Action                   |  1- 3 |  4- 6 |  7- 9 || total
-------------------------+-------+-------+-------++-------
Melee: Hand axe          |    89 |   120 |    40 ||   249
       Headbutt          |    18 |    20 |     4 ||    42
Invok: Recall Ancestor   |       |     1 |       ||     1
       Ancestor Life: Ba |       |     1 |       ||     1
       Ancestor Identity |       |     1 |       ||     1
 Stab: Sleeping          |     1 |       |       ||     1
       Distracted        |       |       |     1 ||     1
  Eat: Chunk             |     1 |     9 |     2 ||    12
Armor: Robe              |    17 |       |       ||    17
       Scale mail        |     5 |    41 |     8 ||    54
Dodge: Dodged            |    68 |    58 |    15 ||   141
